 Dungeon Crawl Stone Soup version 0.28.0-53-g5a82cb258f (webtiles) character file.

Game seed: 3808244283015255686

119 SanguineChosen the Covered (level 5, -5/33 HPs)
             Began as a Gargoyle Fighter on July 13, 2022.
             Slain by a gnoll
             ... wielding a +1 spear of distortion
              (23 damage)
             ... on level 3 of the Dungeon.
             The game lasted 00:04:20 (1962 turns).

SanguineChosen the Covered (Gargoyle Fighter)       Turns: 1962, Time: 00:04:20

Health: -5/33      AC: 11    Str: 21    XL:     5   Next: 3%
Magic:  5/5        EV:  9    Int:  9    God:
Gold:   46         SH:  4    Dex:  9    Spells: 4/4 levels left

rFire   . . .      SeeInvis .   a - +0 flail
rCold   . . .      Faith    .   c - +0 buckler
rNeg    + . .      Spirit   .   b - +0 scale mail
rPois   ∞          Reflect  .   (no helmet)
rElec   +          Harm     .   (no cloak)
rCorr   .          Rampage  .   (no gloves)
Will    .....                   (no boots)
Stlth   ..........              e - amulet of the acrobat
HPRegen 0.11/turn               (no ring)
MPRegen 0.09/turn               (no ring)

@: no status effects
A: sickness immunity, AC +4, negative energy resistance 1, electricity
resistance, torment resistance 1, petrification resistance
a: no special abilities


You were on level 3 of the Dungeon.
You visited 1 branch of the dungeon, and saw 3 of its levels.

You collected 46 gold pieces.

Inventory:

Hand Weapons
 a - a +0 flail (weapon)
Missiles
 g - 3 poisoned darts (quivered)
Armour
 b - a +0 scale mail (worn)
 c - a +0 buckler (worn)
Jewellery
 e - an amulet of the acrobat (around neck)
Scrolls
 f - a scroll of noise {unknown}
 i - a scroll of enchant armour {unknown}
 k - a scroll of identify
 m - a scroll of amnesia {unknown}
 o - a scroll of immolation {unknown}
 p - 3 scrolls of enchant weapon {unknown}
 s - a scroll of fog {unknown}
Potions
 d - a potion of might
 h - 2 potions of invisibility
 j - a potion of brilliance {unknown}
 l - 2 potions of curing
 n - a potion of lignification
 q - a potion of heal wounds {unknown}
 r - a potion of haste {unknown}


   Skills:
 + Level 3.9 Fighting
 + Level 3.2 Maces & Flails
 + Level 4.0 Armour
 + Level 1.1 Dodging
 + Level 3.8 Shields


You had 4 spell levels left.
You didn't know any spells.
Your spell library was empty.

Dungeon Overview and Level Annotations

Branches:
Dungeon (3/15)

Altars:


Innate Abilities, Weirdness & Mutations

You are immune to sickness and miasma.
Your stone body is resilient. (AC +4)
You are immune to poison.
You resist negative energy. (rN+)
You are resistant to electric shocks. (rElec)
You are resistant to unholy torment.
You are immune to petrification.


Message History

You kill the bat!
No target in view!
No target in view!
No target in view!
No target in view!
No target in view!
s - a scroll labelled WOYQYN GO FETA You see here a bat corpse.
You see here a bat corpse.
A gnoll comes into view. It is wielding a +0 flail.
The gnoll shouts!
A gnoll comes into view. It is wielding a +0 halberd.
You see here a book of Conjurations.
The gnoll shouts!
A gnoll comes into view. It is wielding a +0 whip of draining.
The gnoll misses you. The gnoll completely misses you.
You barely miss the gnoll. The gnoll hits you with a +0 halberd.
The gnoll misses you.
You thump the gnoll!
The gnoll is severely wounded.
You hear a shout!
The gnoll hits you with a +0 halberd.
A gnoll comes into view.
It is wielding a +1 spear of distortion.
The gnoll shouts!
You sock the gnoll!
You kill the gnoll!
Your Armour skill increases to level 4!
You have reached level 5!
You closely miss the gnoll. The gnoll hits you with a +0 flail.
The gnoll barely misses you. You block the gnoll's attack.
You sock the gnoll!
The gnoll is severely wounded.
The gnoll closely misses you. The gnoll barely misses you.
You closely miss the gnoll.
The gnoll is severely wounded.
The gnoll hits you from afar with a +1 spear of distortion.
Space warps horribly around you!!
Ouch! That really hurt!
You die...

##.######
#.......###########
#..####.##.........
#.)......#†#######.
######...###..#.#####
....................#
######.....#..#.###.###.##
#...###..#.##.......#
#...###..#.@g:......#
#........####gg####.#
##+####### #..# #....
#.##.# ..# .#


gg# # ..g You could see 3 gnolls.

Vanquished Creatures
  Jessica (D:3)
  A gnoll (D:3)
  3 adders
  An adder skeleton (D:2)
  A worm (D:2)
  4 bats
  3 endoplasms
  A giant cockroach (D:1)
  7 goblins
  6 hobgoblins
  2 kobolds
  5 quokkas (D:2)
  5 ball pythons
  4 frilled lizards
  4 rats
48 creatures vanquished.

Notes
Turn   | Place    | Note
-------+----------+-------------------------------------------
     0 | D:1      | SanguineChosen the Gargoyle Fighter began the quest for the
                  | Orb.
     0 | D:1      | Reached XP level 1. HP: 14/14 MP: 1/1
     8 | D:1      | Noticed a ghoul
    15 | D:1      | Noticed a barachi
    17 | D:1      | Noticed a merfolk zombie
    19 | D:1      | Noticed a demonspawn
    21 | D:1      | Noticed a formicid
   359 | D:1      | Reached XP level 2. HP: 18/19 MP: 2/2
   640 | D:1      | You fall into a shaft and drop 1 floor!
   925 | D:1      | Reached XP level 3. HP: 24/24 MP: 3/3
  1423 | D:2      | Found a faded altar of an unknown god.
  1499 | D:2      | Reached XP level 4. HP: 26/29 MP: 4/4
  1826 | D:3      | Noticed Jessica
  1837 | D:3      | Reached skill level 1 in Dodging
  1839 | D:3      | Killed Jessica
  1960 | D:3      | Reached skill level 4 in Armour
  1960 | D:3      | Reached XP level 5. HP: 24/33 MP: 5/5
  1962 | D:3      | Slain by a gnoll

Illustrated notes

Levels and vault maps discovered:
D:1:      shiori_arrival_whats_in_store_for_you, layout_loops_corners,
          minmay_pentomino_o2
D:2:      layout_rooms, hellmonk_ecumenical_altar_lost_god, serial_bayou_pond_c
D:3:      layout_loops_corners, minmay_misc_feat_pillars, uniq_robin,
          uniq_natasha, uniq_jessica

Skill      XL: |  1  2  3  4 |
---------------+-------------+-----
Maces & Flails | 3 |  3.2
Dodging        | 1 |  1.1
Armour         | 4 |  4.0
Fighting       | |  3.9
Shields        | |  3.8

Action                   |  1- 3 |  4- 6 || total
-------------------------+-------+-------++-------
Melee: Flail             |   121 |    53 ||   174
  Use: Potion            |     2 |       ||     2
       Scroll            |       |     1 ||     1
Armor: Scale mail        |    70 |    22 ||    92
Dodge: Dodged            |    72 |    47 ||   119
Block: Buckler           |    26 |    18 ||    44
